 Dungeon Crawl Stone Soup version 0.28-a0-750-g7c675f85b1 (webtiles) character file.

Game seed: 17556207213806400940

173 KoroneIsBestGirl the Skirmisher (level 5, -8/37 HPs)
             Began as an Octopode Fighter on Oct 29, 2021.
             Mangled by a wyvern skeleton (13 damage)
             ... on level 3 of the Dungeon.
             The game lasted 00:02:32 (2711 turns).

KoroneIsBestGirl the Skirmisher (Octopode Fighter)  Turns: 2711, Time: 00:02:32

Health: -8/37      AC:  1    Str: 16    XL:     5   Next: 53%
Magic:  5/5        EV: 13    Int: 11    God:
Gold:   102        SH:  4    Dex: 11    Spells: 1/4 levels left

rFire   . . .      SeeInvis .   a - +0 trident
rCold   . . .      Faith    .   b - +0 buckler
rNeg    . . .      Spirit   .   (helmet restricted)
rPois   .          Reflect  .   (no amulet)
rElec   .          Harm     .   (no ring)
rCorr   .          Rampage  .   (no ring)
Will    .....                   (no ring)
Stlth   +++.......              (no ring)
HPRegen 0.12/turn               (no ring)
MPRegen 0.09/turn               (no ring)
                                (no ring)
                                (no ring)

@: no status effects
A: almost no armour, amphibious, 8 rings, camouflage 1, gelatinous body 1,
(nimble swimmer 1), tentacles
a: no special abilities


You were on level 3 of the Dungeon.
You visited 1 branch of the dungeon, and saw 3 of its levels.

You collected 102 gold pieces.

Inventory:

Hand Weapons
 a - a +0 trident (weapon)
Armour
 b - a +0 buckler (worn)
 h - a +2 kite shield
Jewellery
 j - a ring of ice
Scrolls
 d - a scroll of blinking {unknown}
 e - a scroll of fear {unknown}
 f - a scroll of magic mapping {unknown}
 g - 3 scrolls of teleportation {unknown}
 i - a scroll of enchant armour {unknown}
 l - a scroll of identify {unknown}
Potions
 c - a potion of might
 k - a potion of curing {unknown}


   Skills:
 + Level 3.9 Fighting
 + Level 3.1 Polearms
 + Level 3.7 Dodging
 - Level 2.2 Stealth
 + Level 3.8 Shields


You had one spell level left.
You knew the following spells:

 Your Spells              Type           Power      Damage    Failure   Level
a - Ozocubu's Armour      Ice            0%         N/A       71%         3

Your spell library contained the following spells:

 Spells                   Type           Power      Damage    Failure   Level
 Gell's Gravitas          Tloc           0%         N/A       71%         3
 Lesser Beckoning         Tloc           0%         N/A       71%         3
 Teleport Other           Tloc           0%         N/A       71%         3
 Hailstorm                Conj/Ice       0%         3d3       98%         4
 Ice Form                 Ice/Tmut       0%         N/A       98%         4
 Metabolic Englaciation   Hex/Ice        0%         N/A       100%        5
 Simulacrum               Ice/Necr       0%         N/A       100%        6


Dungeon Overview and Level Annotations

Branches:
Dungeon (3/15)

Altars:

Shops:
D:1 *   D:3 [


Innate Abilities, Weirdness & Mutations

You cannot wear most types of armour.
You are amphibious.
You can wear up to eight rings at the same time.
Your skin changes colour to match your surroundings (Stealth+).
Your rubbery body absorbs attacks. (AC +1, EV +1)
((You are camouflaged near water. (Stealth+)))
You have tentacles for arms and can constrict up to eight enemies at once.


Message History

The wyvern skeleton bites you!
* * * LOW HITPOINT WARNING * * *
You are too injured to fight recklessly!
You are too injured to fight recklessly!
You are too injured to fight recklessly!
You are too injured to fight recklessly!
You are too injured to fight recklessly!
You are too injured to fight recklessly!
You are too injured to fight recklessly!
You are too injured to fight recklessly!
You are too injured to fight recklessly!
You are too injured to fight recklessly!
You are too injured to fight recklessly!
You are too injured to fight recklessly!
You are too injured to fight recklessly!
You are too injured to fight recklessly!
You are too injured to fight recklessly!
You are too injured to fight recklessly!
You are too injured to fight recklessly!
You are too injured to fight recklessly!
You are too injured to fight recklessly!
You are too injured to fight recklessly!
You are too injured to fight recklessly!
You are too injured to fight recklessly!
You are too injured to fight recklessly!
You are too injured to fight recklessly!
You are too injured to fight recklessly!
You hit the wyvern skeleton.
The wyvern skeleton is severely damaged.
The wyvern skeleton barely misses you. You block the wyvern skeleton's attack.
You hit the wyvern skeleton.
The wyvern skeleton is almost destroyed.
The wyvern skeleton bites you.
* * * LOW HITPOINT WARNING * * *
You barely miss the wyvern skeleton.
The wyvern skeleton is almost destroyed.
The wyvern skeleton bites you.
* * * LOW HITPOINT WARNING * * *
The wyvern skeleton bites you!
You die...

.>..# #..#.# #..#.# ###.
#######..#.#.... ....##.#.# #.
#.....#?≈≈≈ ≈≈≈/##.#.# #.
#...###.... .... #.#.# #.
#...### ... ... #.#.# #. #.....#
§≈ ≈§ #.#.######. #.....# .#.
#........#. #...### ##Z###
####........
##...######.@#.###.......#.##
##...).................##.#.#
####.....######...........##.#.#
.........###.......###.#####.#.#
####...............# #.# #.#.##
##...####.##.#### #.#####.....
#..####...#.# #.#...<†.###
#...........# #.#.###..# #
#####.#####...### #.#.###..###


You could see a wyvern skeleton.

Vanquished Creatures
  A centaur zombie (D:3)
  A jelly (D:3)
  3 gnolls (D:2)
  An adder (D:2)
  2 worms (D:2)
  A dart slug (D:1)
  6 endoplasms
  3 giant cockroaches
  9 goblins
  9 hobgoblins
  2 quokkas
  8 ball pythons (D:1)
  5 bats
  5 frilled lizards
  5 kobolds
  5 rats
66 creatures vanquished.

Notes
Turn   | Place    | Note
-------+----------+-------------------------------------------
     0 | D:1      | KoroneIsBestGirl the Octopode Fighter began the quest for
                  | the Orb.
     0 | D:1      | Reached XP level 1. HP: 16/16 MP: 1/1
    76 | D:1      | Found Wyupuffo's Assorted Antiques.
   197 | D:1      | Reached XP level 2. HP: 21/21 MP: 2/2
   270 | D:1      | Reached skill level 1 in Stealth
   508 | D:1      | Reached XP level 3. HP: 26/26 MP: 3/3
  1277 | D:2      | Reached XP level 4. HP: 31/31 MP: 4/4
  1283 | D:2      | Learned a level 3 spell: Ozocubu's Armour
  2236 | D:3      | Reached XP level 5. HP: 25/37 MP: 5/5
  2433 | D:3      | Found Erebbar's Antique Armour Emporium.
  2711 | D:3      | Mangled by a wyvern skeleton

Illustrated notes

Levels and vault maps discovered:
D:1:      giann_wishing_wells, layout_basic, serial_shops, nicolae_diamond_shop,
          minmay_fountain_box
D:2:      layout_loops_corners
D:3:      layout_loops_ring, shapermc_ecumenical_altar_notcrosses, serial_shops,
          shop

Skill      XL: |  1  2  3  4 |
---------------+-------------+-----
Stealth        | 1 2 |  2.2
Polearms       | 3 |  3.1
Fighting       | |  3.9
Dodging        | |  3.7
Shields        | |  3.8

Action                   |  1- 3 |  4- 6 || total
-------------------------+-------+-------++-------
Melee: Trident           |    74 |    63 ||   137
       Constrict         |    10 |     7 ||    17
       Tentacles         |     7 |     9 ||    16
 Stab: Sleeping          |    23 |     7 ||    30
       Distracted        |       |     1 ||     1
Armor: Skin              |     4 |     2 ||     6
Dodge: Dodged            |    21 |    29 ||    50
Block: Buckler           |     5 |     8 ||    13

Table legend: (Time is in decaauts)
 A = Elapsed time spent in this place.
 B = Non-inter-level travel time spent in this place.
 C = Inter-level travel time spent in this place.
 D = Time resting spent in this place.
 E = Time spent auto-exploring this place.
 F = Levels seen in this place.
 G = Mean time per level.
                   A        B        C        D        E       F      G
               +--------+--------+--------+--------+--------+-----+--------+
         Total |   2735 |   2658 |     77 |      0 |   2262 |   3 |  911.7 |
       Dungeon |   2735 |   2658 |     77 |      0 |   2262 |   3 |  911.7 |
               +--------+--------+--------+--------+--------+-----+--------+

Top non-repeatable levels by time:
     D:2: 1248 daAuts
     D:3: 757 daAuts
     D:1: 730 daAuts
